 Dungeon Crawl Stone Soup version 0.25-a0-641-g189b929 (webtiles) character file.

Game seed: 7005563458376571081, levelgen mode: deterministic

201 MrTaco21 the Cudgeler (level 5, -1/32 HPs)
             Began as a Gargoyle Fighter on Mar 20, 2020.
             Killed by divine providence
             ... invoked by an orc priest
              (16 damage)
             ... on level 3 of the Dungeon.
             The game lasted 00:04:00 (2089 turns).

MrTaco21 the Cudgeler (Gargoyle Fighter)            Turns: 2089, Time: 00:04:01

Health: -1/32      AC: 13    Str: 20    XL:     5   Next: 79%
Magic:  5/5        EV:  9    Int:  9    God:
Gold:   160        SH:  5    Dex:  9    Spells: 4/4 levels left

rFire    . . .     SeeInvis .   a - +0 flail
rCold    . . .     Gourm    .   t - +1 buckler {AC+3}
rNeg     + . .     Faith    .   b - +0 scale mail
rPois    ∞         Spirit   .   (no helmet)
rElec    +         Reflect  .   (no cloak)
rCorr    .         Harm     .   (no gloves)
MR       .....                  (no boots)
Stlth    ..........             (no amulet)
HPRegen  0.10/turn              (no ring)
MPRegen  0.09/turn              (no ring)

@: no status effects
A: negative energy resistance 1, electricity resistance, unbreathing,
petrification resistance, rot immunity, AC +4
a: no special abilities


You were on level 3 of the Dungeon.
You were not hungry.

You visited 1 branch of the dungeon, and saw 3 of its levels.

You collected 160 gold pieces.

Inventory:

Hand Weapons
 a - a +0 flail (weapon)
Armour
 b - a +0 scale mail (worn)
 c - a +0 kite shield
 t - a +1 buckler of protection (worn)
   (You found it on level 2 of the Dungeon)
Scrolls
 g - a scroll of amnesia {unknown}
 i - a scroll of blinking {unknown}
 m - 2 scrolls of enchant weapon {unknown}
 n - 2 scrolls of identify {unknown}
 o - a scroll of fear {unknown}
 u - a scroll of remove curse {unknown}
 w - 2 scrolls of teleportation {unknown}
Potions
 d - 2 potions of might
 f - 2 potions of heal wounds {unknown}
 h - 2 potions of curing {unknown}
 j - a potion of stabbing {unknown}
 k - a potion of invisibility {unknown}
 l - a potion of resistance {unknown}
 p - a potion of degeneration {unknown}
 q - a potion of haste {unknown}
 r - a potion of cancellation {unknown}
 s - a potion of berserk rage {unknown}
Comestibles
 e - 5 rations {!d}
 v - a chunk of flesh


   Skills:
 - Level 3.2 Fighting
 + Level 5.8 Maces & Flails
 - Level 3.2 Armour
 - Level 3.2 Shields


You had 4 spell levels left.
You didn't know any spells.
Your spell library was empty.

Dungeon Overview and Level Annotations

Branches:
Dungeon (3/15)

Altars:
The Shining One


Innate Abilities, Weirdness & Mutations

You are resistant to torment.
Your stone body is resilient. (AC +4)
You are immune to poison.
You resist negative energy. (rN+)
You are resistant to electric shocks. (rElec)
You can survive without breathing.
You are immune to petrification.
You are immune to rotting.


Message History

The orc shouts!
An orc priest comes into view.
You block the goblin's attack. The frilled lizard bites you.
You sock the frilled lizard!
You kill the frilled lizard!
The orc barely misses you. The goblin misses you.
You hit the orc wizard but do no damage.
The orc barely misses you. You block the goblin's attack.
The orc wizard hits you but does no damage.
You barely miss the orc wizard. The orc barely misses you. The goblin hits you.
The orc wizard casts a spell at you. You resist with some effort.
You closely miss the orc wizard. The goblin hits you but does no damage.
The orc closely misses you. The orc wizard completely misses you.
The orc priest looks encouraged for a moment.
The goblin hits you but does no damage.
You closely miss the orc wizard. The orc wizard barely misses you.
The orc priest begins to cast a cantrip, but forgets the words!
You block the goblin's attack.
You hit the orc wizard but do no damage.
The orc wizard gestures at you while chanting.
You are confused.
The orc closely misses you. x2; The goblin closely misses you.
The orc wizard hits you but does no damage.
You are too confused!
You are too confused!
You are too confused!
You are too confused!
You are too confused!
The orc hits you but does no damage.
You see here a hobgoblin corpse.
You bump into the rock wall.
The orc hits you with a +0 club. The orc hits you but does no damage.
The orc priest mumbles some strange prayers to Beogh against you.
Beogh smites you!
* * * LOW HITPOINT WARNING * * *
The goblin misses you.
The orc priest begins to cast a cantrip, but forgets the words!
You're too confused to move!
The orc hits you but does no damage.
The orc priest miscasts a cantrip.
You bump into the rock wall.
The orc hits you but does no damage.
You feel less confused.
The orc priest looks encouraged for a moment.
The orc wizard casts a spell.
The orc wizard flickers and vanishes!
Deactivating autopickup; reactivate with Ctrl-A.
The orc priest calls down the wrath of Beogh upon you.
Beogh smites you!
Ouch! That really hurt!
You die...

#........(####
##..)..<.## #
##.....## #
##..<## #. ##'##
#.# #.# #.#
######.# ####
#.###...##.#.....
#@.o.#.#(........
#.###.g.oo...####.
#.# ##.##....# #.#
#.###..!# ## #.#
##..# #.. .... ###
..### ... ##


You could see an orc priest, 2 orcs and a goblin.

Vanquished Creatures
  A centaur (D:3)
  5 adders
  An ooze (D:1)
  A worm (D:3)
  2 dart slugs
  5 leopard geckos
  9 bats
  2 giant cockroaches
  13 hobgoblins
  3 jackals
  6 frilled lizards
  4 goblins
  6 kobolds
  3 rats
61 creatures vanquished.

Notes
Turn   | Place    | Note
-------+----------+-------------------------------------------
     0 | D:1      | MrTaco21 the Gargoyle Fighter began the quest for the Orb.
     0 | D:1      | Reached XP level 1. HP: 14/14 MP: 1/1
   168 | D:1      | Reached XP level 2. HP: 19/19 MP: 2/2
   230 | D:1      | Found a glowing golden altar of the Shining One.
   290 | D:1      | Reached skill level 3 in Maces & Flails
   556 | D:1      | Reached XP level 3. HP: 23/23 MP: 3/3
   973 | D:2      | Reached skill level 4 in Maces & Flails
  1021 | D:2      | Reached XP level 4. HP: 26/28 MP: 4/4
  1764 | D:3      | Noticed a centaur
  1772 | D:3      | Killed a centaur
  1772 | D:3      | Reached skill level 5 in Maces & Flails
  1772 | D:3      | Reached XP level 5. HP: 7/32 MP: 5/5
  2089 | D:3      | Killed from afar by an orc priest

Levels and vault maps discovered:
D:1:      onia_arrival_pyramid, layout_loops_ring, tso_metal_star
D:2:      layout_rooms
D:3:      layout_loops_corners, uniq_jessica

Skill      XL: |  1  2  3  4 |
---------------+-------------+-----
Maces & Flails | 3 4 5 |  5.8
Fighting       | |  3.2
Armour         | |  3.2
Shields        | |  3.2

Action                   |  1- 3 |  4- 6 || total
-------------------------+-------+-------++-------
Melee: Flail             |   154 |   115 ||   269
  Eat: Chunk             |     1 |     3 ||     4
Armor: Scale mail        |   122 |    83 ||   205
Dodge: Dodged            |    76 |    51 ||   127
Block: Kite shield       |   123 |    19 ||   142
       Buckler           |       |    25 ||    25

Table legend:
 A = Non-vault XP
 B = Vault XP
 C = Vault XP percentage of total XP
 D = Non-vault monster count
 E = Vault monster count
 F = Vault count percentage of total count
                 A         B        C        D         E       F
            +---------+---------+-------+---------+---------+-------
      Total |     288 |       0 |   0.0 |      61 |       0 |   0.0
            +---------+---------+-------+---------+---------+-------
        D:1 |      53 |       0 |   0.0 |      20 |       0 |   0.0
        D:2 |      78 |       0 |   0.0 |      23 |       0 |   0.0
        D:3 |     157 |       0 |   0.0 |      18 |       0 |   0.0
            +---------+---------+-------+---------+---------+-------
